 Dungeon Crawl Stone Soup version 0.19.0-19-g8c6edcc (webtiles) character file.

193 InterDimensionalOwl the Skirmisher (level 5, -1/59 HPs)
             Began as an Ogre Fighter on Nov 15, 2016.
             Killed from afar by an orc wizard (5 damage)
             ... with a magic dart
             ... on level 4 of the Dungeon.
             The game lasted 00:15:41 (3327 turns).

InterDimensionalOwl the Skirmisher (Ogre Fighter)   Turns: 3327, Time: 00:15:42

Health: -1/59      AC:  4    Str: 26    XL:     5   Next: 72%
Magic:  5/5        EV:  8    Int:  7    God:
Gold:   130        SH:  9    Dex: 10    Spells: 0 memorised, 4 levels left

rFire  . . .     SeeInvis +     a - +0 mace
rCold  . . .     Gourm    .     s - +1 robe
rNeg   . . .     Faith    .     c - +0 shield
rPois  .         Spirit   .     (helmet restricted)
rElec  .         Reflect  .     (no cloak)
rCorr  .         Harm     .     (gloves unavailable)
MR     .....                    (boots unavailable)
Stlth  +.........               (no amulet)
                                (no ring)
                                h - ring of see invisible

@: mighty
A: unfitting armour, tough skin 1
a: no special abilities


You were on level 4 of the Dungeon.
You were not hungry.

You visited 1 branch of the dungeon, and saw 4 of its levels.

You collected 130 gold pieces.

Inventory:

Hand Weapons
 a - a +0 mace (weapon)
 b - a +0 hunting sling
 k - a +1 flail
Missiles
 i - 102 stones
 q - 9 tomahawks (quivered)
Armour
 c - a +0 shield (worn)
 s - a +1 robe (worn)
Jewellery
 h - a ring of see invisible (left hand)
Scrolls
 o - 4 scrolls of enchant weapon
Potions
 d - a potion of might
 f - a potion of curing
 j - a potion of resistance
 n - a potion of cancellation {unknown}
 p - a potion of lignification {unknown}
 r - 2 potions of agility {unknown}
Comestibles
 g - 2 chunks of flesh
 l - 2 bread rations
 m - 2 fruits


   Skills:
 + Level 6.1 Fighting
 + Level 5.7 Maces & Flails
 + Level 1.0 Throwing
 - Level 2.6 Dodging
 - Level 2.6 Shields


You had 4 spell levels left.
You didn't know any spells.

Dungeon Overview and Level Annotations

Branches:
Dungeon (4/15)
 Temple: D:4-7

Altars:
Gozag
Kikubaaqudgha


Innate Abilities, Weirdness & Mutations

You are too large for most types of armour.
You have tough skin. (AC +1)


Message History

* * * LOW HITPOINT WARNING * * *
The orc wizard hits you but does no damage.
You barely miss the orc wizard.
The orc wizard is heavily wounded.
The orc wizard points at you and mumbles some strange words.
The magic dart hits you!
* * * LOW HITPOINT WARNING * * *
The orc wizard casts a spell at you. The puff of flame hits you!
* * * LOW HITPOINT WARNING * * *
You feel very mighty all of a sudden. You block the orc wizard's attack.
The orc wizard hits you but does no damage.
You closely miss the orc wizard.
The orc wizard is heavily wounded.
The orc wizard gestures wildly while chanting.
The orc wizard blinks!
You block the orc wizard's attack.
The orc wizard gestures at you while chanting.
The magic dart hits you!
You die...

#.##. #.##. #.##. ##.##.
#######...#. #
#.......#... ..#.#
#.#####....#
......#######.######.#.#
.....oo@ยง..o.........#.#
..#.#.################<#
# #.# #.# #.# #.# #.# ..#
###


You could see 2 orc wizards and an orc.

Vanquished Creatures
  A worker ant (D:4)
  6 adders
  2 worms (D:2)
  3 dart slugs
  A leopard gecko (D:1)
  6 orcs
  8 bats
  4 giant cockroaches
  8 goblins
  17 hobgoblins
  14 jackals
  5 kobolds
  A quokka (D:3)
  A ball python (D:2)
  5 frilled lizards
  8 rats
90 creatures vanquished.

Notes
Turn   | Place    | Note
-------+----------+-------------------------------------------
     0 | D:1      | InterDimensionalOwl the Ogre Fighter began the quest for the Orb.
     0 | D:1      | Reached XP level 1. HP: 24/24 MP: 1/1
    44 | D:1      | Reached XP level 2. HP: 33/33 MP: 2/2
   539 | D:1      | Reached XP level 3. HP: 39/41 MP: 3/3
   681 | D:1      | Reached skill level 5 in Fighting
  1352 | D:2      | Reached XP level 4. HP: 45/50 MP: 4/4
  1433 | D:2      | Found an ancient bone altar of Kikubaaqudgha.
  1433 | D:2      | Found a faded altar of an unknown god.
  1438 | D:2      | Found a faded altar of an unknown god.
  1440 | D:2      | Found a faded altar of an unknown god.
  1441 | D:2      | Found a faded altar of an unknown god.
  1832 | D:2      | Found an opulent altar of Gozag.
  2166 | D:2      | Reached skill level 5 in Maces & Flails
  2372 | D:3      | Reached XP level 5. HP: 35/59 MP: 5/5
  3311 | D:4      | Reached skill level 6 in Fighting
  3319 | D:4      | Reached skill level 1 in Throwing
  3327 | D:4      | Killed from afar by an orc wizard

Skill      XL: |  1  2  3  4  5 |
---------------+----------------+-----
Maces & Flails | 3 4 5 |  5.7
Fighting       | 5 6 |  6.1
Throwing       | 1 |  1.0
Dodging        | |  2.6
Shields        | |  2.6

Action                   |  1- 3 |  4- 6 || total
-------------------------+-------+-------++-------
Melee: Flail             |   123 |   145 ||   268
       Mace              |       |    64 ||    64
  Use: Scroll            |     3 |     9 ||    12
       Potion            |       |     1 ||     1
 Stab: Sleeping          |     1 |       ||     1
  Eat: Bread ration      |     1 |       ||     1
       Chunk             |       |     4 ||     4
Armor: Robe              |    38 |    60 ||    98
Dodge: Dodged            |    45 |    69 ||   114
Block: Shield            |    46 |    82 ||   128
